 Dungeon Crawl Stone Soup version 0.25-a0-667-gb977e01cb5 (webtiles) character file.

Game seed: 6978230174651104076, levelgen mode: deterministic

1208 DasRunzen the Ducker (level 8, 0/66 HPs)
             Began as a Demigod Gladiator on Mar 27, 2020.
             Slain by an orc
             ... wielding a +0 dagger
              (3 damage)
             ... on level 5 of the Dungeon.
             The game lasted 00:08:43 (4159 turns).

DasRunzen the Ducker (Demigod Gladiator)            Turns: 4159, Time: 00:08:43

Health: 0/66       AC:  0    Str: 21    XL:     8   Next: 1%
Magic:  15/15      EV: 12    Int: 20    God:
Gold:   373        SH:  9    Dex: 14    Spells: 13/13 levels left

rFire    . . .     SeeInvis +   a - +0 trident
rCold    + . .     Gourm    .   e - +0 kite shield
rNeg     . . .     Faith    .   b - +0 leather armour
rPois    .         Spirit   .   m - +1 helmet of Vampiric Thralls {Str+4 Int+4 Dex-3 SInv}
rElec    .         Reflect  .   v - +0 cloak
rCorr    .         Harm     .   (no gloves)
MR       +....                  q - +1 pair of boots
Stlth    +.........             (no amulet)
HPRegen  0.21/turn              t - ring of protection from cold
MPRegen  0.14/turn              C - ring of protection from magic

@: corroded
A: high mp 1
a: no special abilities


You were on level 5 of the Dungeon.
You were hungry.

You visited 1 branch of the dungeon, and saw 5 of its levels.

You collected 373 gold pieces.

Inventory:

Hand Weapons
 a - a +0 trident (weapon)
Missiles
 d - 3 throwing nets (quivered)
Armour
 b - a +0 leather armour (worn)
 e - a +0 kite shield (worn)
 m - the +1 helmet of Vampiric Thralls (worn) {Str+4 Int+4 Dex-3 SInv}
   (You took it off Robin on level 3 of the Dungeon)

   It affects your strength (+4).
   It affects your intelligence (+4).
   It affects your dexterity (-3).
   It lets you see invisible.
 q - a +1 pair of boots (worn)
 v - a +0 cloak (worn)
Jewellery
 t - a ring of protection from cold (left hand)
 C - a ring of protection from magic (right hand)
Wands
 n - a wand of paralysis (6)
Scrolls
 c - a scroll of remove curse
 j - 4 scrolls of amnesia
 s - 3 scrolls of teleportation
 x - a scroll of magic mapping
 y - a scroll of blinking {unknown}
 A - a scroll of fear
Potions
 g - 2 potions of magic
 h - 4 potions of curing
 i - 2 potions of might
 k - a potion of stabbing
 l - 2 potions of berserk rage {unknown}
 o - a potion of ambrosia {unknown}
 p - a potion of degeneration {unknown}
 r - a potion of flight {unknown}
 u - 2 potions of lignification {unknown}
 w - a potion of brilliance {unknown}
 B - a potion of heal wounds {unknown}
Comestibles
 f - 9 rations
 z - 7 chunks of flesh


   Skills:
 + Level 4.1 Fighting
 + Level 4.4 Polearms
 - Level 1.7 Throwing
 + Level 3.4 Armour
 + Level 4.5 Dodging
 + Level 3.3 Shields
 + Level 3.0 Spellcasting


You had 13 spell levels left.
You didn't know any spells.
Your spell library was empty.

Dungeon Overview and Level Annotations

Branches:
Dungeon (5/15)             Temple (0/1) D:4

Shops:
D:4 =


Innate Abilities, Weirdness & Mutations

You have an increased reservoir of magic. (+10% MP)


Message History

You hit the jelly but do no damage.
Your hands burn!
* * * LOW HITPOINT WARNING * * *
The jelly is almost dead.
You feel sick.
You are no longer poisoned.
The jelly hits you.
* * * LOW HITPOINT WARNING * * *
You are splashed with acid.
* * * LOW HITPOINT WARNING * * *
You block the orc's attack.
You are feeling hungry.
You hit the jelly but do no damage.
Your hands burn!
* * * LOW HITPOINT WARNING * * *
The jelly is almost dead.
You block the jelly's attack. The orc hits you with a +0 dagger.
* * * LOW HITPOINT WARNING * * *
Unknown command.
Okay, then.
The orc hits you with a +0 dagger.
You die...

#.# ###..#...####.##
#.###......#........
####..##.#..#...##...##
#.....##.#..##.# #..)..
#.....##.#..##.###...##
#.._..##.#..##.#.#...##
.####.....#.....##..#......
......)).o.........###...##
...##.##.#@...(...## ##..#
.. #.J.#.......# ..... ##
###.####.[#..# ...## #.#
#.###....... #.# #..
..#.#### #.# ##.. .## # #
#.# #.# # ..# ..


You could see a jelly and an orc.

Vanquished Creatures
  Sigmund (D:4)
  An ice beast (D:5)
  2 ogres (D:4)
  Blork the orc (D:4)
  A howler monkey (D:4)
  2 crimson imps (D:5)
  5 orc wizards
  An orc priest (D:5)
  3 hounds
  Terence (D:3)
  Natasha (thrice) (D:3)
  Ijyb (D:3)
  2 worker ants
  Robin (D:3)
  5 adders
  2 oozes
  2 worms (D:2)
  4 dart slugs
  3 leopard geckos (D:1)
  15 orcs
  7 giant cockroaches
  12 goblins
  7 hobgoblins
  3 jackals (D:1)
  3 quokkas
  A ball python (D:2)
  6 bats
  3 frilled lizards
  4 kobolds
  A leopard gecko zombie (D:5)
  8 rats
111 creatures vanquished.

Notes
Turn   | Place    | Note
-------+----------+-------------------------------------------
     0 | D:1      | DasRunzen the Demigod Gladiator began the quest for the
                  | Orb.
     0 | D:1      | Reached XP level 1. HP: 17/17 MP: 3/3
   231 | D:1      | Reached XP level 2. HP: 21/24 MP: 4/4
   277 | D:1      | Found a glowing golden altar of the Shining One.
   523 | D:1      | Reached XP level 3. HP: 25/29 MP: 6/6
  1225 | D:2      | Reached skill level 1 in Armour
  1225 | D:2      | Reached skill level 1 in Shields
  1225 | D:2      | Reached skill level 1 in Spellcasting
  1339 | D:2      | Noticed an air elemental
  1340 | D:2      | Found a stormy altar of Qazlal.
  1341 | D:2      | Noticed a water elemental
  1342 | D:2      | Noticed an earth elemental
  1342 | D:2      | Noticed a fire elemental
  1678 | D:3      | Noticed Ijyb
  1681 | D:3      | Identified the +1 helmet of Vampiric Thralls {Str+4 Int+4
                  | Dex-3 SInv}
  1681 | D:3      | Noticed Robin
  1687 | D:3      | Killed Ijyb
  1687 | D:3      | Reached XP level 4. HP: 36/37 MP: 8/8
  1727 | D:3      | Killed Robin
  1827 | D:3      | Reached XP level 5. HP: 36/42 MP: 9/9
  1864 | D:3      | Noticed Natasha
  1870 | D:3      | Killed Natasha
  2038 | D:3      | Noticed Natasha
  2042 | D:3      | Killed Natasha
  2056 | D:3      | Noticed Terence
  2074 | D:3      | Killed Terence
  2195 | D:3      | Noticed Natasha
  2200 | D:3      | Killed Natasha
  2490 | D:4      | Noticed an ogre
  2519 | D:4      | Killed an ogre
  2519 | D:4      | Reached XP level 6. HP: 38/51 MP: 11/11
  2533 | D:4      | Found a staircase to the Ecumenical Temple.
  2571 | D:4      | Found Howoo's Jewellery Shop.
  2811 | D:4      | Noticed Sigmund
  2829 | D:4      | Killed Sigmund
  2829 | D:4      | Reached XP level 7. HP: 18/57 MP: 13/13
  3173 | D:4      | Found a shattered altar of Ashenzari.
  3212 | D:4      | Noticed Blork the orc
  3223 | D:4      | Killed Blork the orc
  3597 | D:5      | Entered Level 5 of the Dungeon
  4126 | D:5      | Found a sparkling altar of Nemelex Xobeh.
  4145 | D:5      | Reached XP level 8. HP: 49/66 MP: 15/15
  4156 | D:5      | HP: 3/66 [acid (4)]
  4159 | D:5      | Slain by an orc

Levels and vault maps discovered:
D:1:      minmay_arrival_wavy_path, layout_basic, tso_metal_star
D:2:      layout_loops_ring, nicolae_qazlal_style_of_elements
D:3:      layout_basic, first_ration, kennysheep_minor_cross, uniq_terence,
          uniq_ijyb, uniq_robin, uniq_natasha
D:4:      layout_gridville, minmay_temple_entry_gardened_gates, serial_shops,
          shop_coins, evilmike_ruin_ashenzari, uniq_blork_the_orc, uniq_sigmund
D:5:      cheibrodos_barr_body, layout_loops_ring, basic_altar

Skill      XL: |  1  2  3  4  5  6  7 |
---------------+----------------------+-----
Fighting       | 2 3 4 |  4.1
Dodging        | 3 4 |  4.5
Armour         | 1 2 3 |  3.4
Shields        | 1 2 3 |  3.3
Spellcasting   | 1 2 3 |  3.0
Polearms       | 3 4 |  4.4
Throwing       | |  1.7

Action                   |  1- 3 |  4- 6 |  7- 9 || total
-------------------------+-------+-------+-------++-------
Melee: Trident           |   161 |   201 |   174 ||   536
  Use: Scroll            |     5 |     7 |       ||    12
 Stab: Distracted        |     1 |       |       ||     1
       Sleeping          |     1 |       |       ||     1
  Eat: Chunk             |     2 |     4 |     5 ||    11
Armor: Leather armour    |    29 |    40 |    54 ||   123
Dodge: Dodged            |    57 |    85 |    59 ||   201
Block: Kite shield       |    53 |    80 |    87 ||   220

Table legend:
 A = Non-vault XP
 B = Vault XP
 C = Vault XP percentage of total XP
 D = Non-vault monster count
 E = Vault monster count
 F = Vault count percentage of total count
                 A         B        C        D         E       F
            +---------+---------+-------+---------+---------+-------
      Total |    1250 |     477 |  27.6 |      93 |      18 |  16.2
            +---------+---------+-------+---------+---------+-------
        D:1 |      55 |       0 |   0.0 |      26 |       0 |   0.0
        D:2 |      60 |       0 |   0.0 |      15 |       0 |   0.0
        D:3 |     154 |     147 |  48.8 |      13 |      16 |  55.2
        D:4 |     493 |     330 |  40.1 |      21 |       2 |   8.7
        D:5 |     488 |       0 |   0.0 |      18 |       0 |   0.0
            +---------+---------+-------+---------+---------+-------
